AoeStats
← Pyrotechnic

Arena

504440189Analyzed
3v3 RM · 25d ago on Sep 5, 2026· 55m 14s· 6 players
Game mode
Random Map
Map size
Normal (6 player)
Population
200
Speed
Normal
Resources
Standard
Victory
Conquest
Starting age
Dark Age
Ending age
Imperial Age
RankedLock teamsTeams togetherTeam positionsShared explorationLock speedFull tech treeHidden civsTurbo modeCheats
Victory
Defeat
🇦🇺 Mongols · Australia
1077
+14
🇦🇺 Portuguese · Australia
1018
+16
🇦🇺 Georgians · Australia
1015
+16
🇨🇿 Teutons · Czechia
1053
-17
🇦🇺 Wei · Australia
1024
-15
🇮🇹 Teutons · Italy
1000
-42
Seen Bean
10:47 Feudal Age
11:42 Double-Bit Axe
11:40 Horse Collar
11:53 Gold Mining
13:17 Stone Mining
18:44 Castle Age
18:00 Scale Barding Armor
19:20 Loom
19:28 Pikeman
20:34 Chain Barding Armor
21:48 Fletching
28:05 Bloodlines
32:26 Husbandry
32:46 Forging
39:55 Imperial Age
39:36 Iron Casting
40:14 Gold Shaft Mining
40:46 Bodkin Arrow
41:52 Blast Furnace
41:33 Bracer
41:54 Heavy Hei Guang Cavalry
43:53 Ming Guang Armor
GDA
17:30 Feudal Age
19:25 Man-at-Arms
poruba15
0:28 Loom
13:13 Feudal Age
14:14 Stone Mining
14:14 Double-Bit Axe
14:14 Horse Collar
20:14 Castle Age
18:37 Gold Mining
20:22 Pikeman
20:25 Elite Skirmisher
21:46 Wheelbarrow
23:35 Hand Cart
24:04 Stone Shaft Mining
30:58 Imperial Age
28:37 Town Watch
29:52 Town Patrol
29:45 Fletching
30:46 Bodkin Arrow
37:25 Forging
37:15 Scale Mail Armor
37:20 Scale Barding Armor
37:15 Padded Archer Armor
39:20 Cavalier
40:10 Bloodlines
40:40 Onager
43:17 Bow Saw
42:45 Paladin
47:29 Chain Mail Armor
47:35 Chain Barding Armor
48:37 Iron Casting
48:17 Leather Archer Armor
48:50 Conscription
49:39 Plate Mail Armor
49:24 Leather Archer Armor
49:58 Caravan
Chenny94
11:08 Feudal Age
15:50 Castle Age
15:12 Double-Bit Axe
15:10 Horse Collar
15:35 Loom
17:07 Bow Saw
21:43 Fletching
23:16 Ballistics
24:05 Bodkin Arrow
24:51 Gold Mining
32:11 Heavy Plow
37:46 Wheelbarrow
37:19 Stone Mining
39:33 Town Watch
40:07 Hand Cart
48:17 Imperial Age
46:40 Masonry
50:33 Imperial Age
51:52 Conscription
50:53 Elite Organ Gun
52:42 Chemistry
52:04 Siege Engineers
54:28 Bracer
54:29 Scale Mail Armor
54:39 Forging
54:35 Scale Barding Armor
54:39 Circumnavigation
Duzafyze
10:13 Feudal Age
15:31 Castle Age
14:02 Double-Bit Axe
14:45 Horse Collar
20:50 Loom
22:25 Husbandry
22:29 Town Watch
23:12 Bloodlines
24:28 Scale Barding Armor
27:37 Forging
35:09 Imperial Age
35:21 Elite Monaspa
37:59 Chain Barding Armor
38:24 Iron Casting
42:51 Blast Furnace
42:27 Plate Barding Armor
45:23 Conscription
45:47 Wheelbarrow
45:41 Town Patrol
55:15 Aznauri Cavalry
55:28 Aznauri Cavalry
Pyrotechnic
9:45 Feudal Age
12:37 Loom
15:48 Castle Age
21:39 Fletching
24:13 Bodkin Arrow
29:59 Padded Archer Armor
32:45 Leather Archer Armor
36:14 Ballistics
38:53 Imperial Age
37:00 Wheelbarrow
36:10 Town Watch
36:58 Thumb Ring
37:02 Scale Barding Armor
38:35 Light Cavalry
40:04 Parthian Tactics
39:38 Capped Ram
40:40 Capped Ram
41:23 Heavy Cavalry Archer
43:27 Bracer
44:26 Conscription
49:09 Chain Barding Armor
51:27 Crossbowman
Connection lost

Rejoining the realm…

Still unreachable

The connection could not be restored.

Session expired

The server has moved on; the page needs a fresh start.